 Dungeon Crawl Stone Soup version 0.30.0-5-g1a98f26d00 (webtiles) character file.

Game seed: 16553014495763454822

44 zlionsfan the Shooter (level 3, -2/28 HPs)
             Began as a Djinni Hunter on May 12, 2023.
             Slain by a cerulean imp
             ... wielding a +0 spear
             ... summoned by Natasha
              (3 damage)
             ... on level 2 of the Dungeon.
             The game lasted 00:02:47 (1183 turns).

zlionsfan the Shooter (Djinni Hunter)               Turns: 1183, Time: 00:02:47

Health: -2/28      AC:  3    Str: 10    XL:     3   Next: 85%
Gold:   0          EV: 12    Int: 10    God:
                   SH:  0    Dex: 18

rFire   + + .        a - +0 shortbow
rCold   x . .        (shield currently unavailable)
rNeg    . . .        c - +0 leather armour
rPois   ∞            (no helmet)
rElec   .            (no cloak)
rCorr   .            (no gloves)
SInv    .            (boots unavailable)
Will    .....        (no amulet)
Stlth   ++           (no ring)
HPRegen 0.24/turn    (no ring)
MPRegen 0.00/turn

%: infuse magic (-3 HP)
@: flying
A: sickness immunity, fire resistance 2, cold vulnerability 1, float, innate
caster, HP casting, extra vitality 1
a: no special abilities


You were on level 2 of the Dungeon.
You visited 1 branch of the dungeon, and saw 2 of its levels.

You collected 70 gold pieces.
You spent 70 gold pieces at shops.

Inventory:

Hand Weapons
 a - a +0 shortbow (weapon)
Armour
 c - a +0 leather armour (worn)
Scrolls
 b - a scroll of immolation
 d - a scroll of identify
 h - a scroll of silence
Potions
 f - 2 potions of berserk rage
 g - a potion of might


   Skills:
 * Level 2.0 Fighting
 * Level 4.3 Ranged Weapons
 + Level 2.1 Dodging
 + Level 0.7 Stealth


You knew the following spells:

 Your Spells              Type           Power      Damage    Failure   Level
a - Shock                 Conj/Air       0%         1d3       45%         1
Your spell library was empty.

Dungeon Overview and Level Annotations

Branches:
Dungeon (2/15)

Altars:

Shops:
D:1 ?

Annotations:
D:2 Natasha


Innate Abilities, Weirdness & Mutations

You are immune to sickness and miasma.
You are immune to poison.
Your flesh is very heat resistant. (rF++)
You are vulnerable to cold. (rC-)
You float through the air rather than walking.
You learn spells naturally, not from books.
Your magical power is your life essence.
You have superior vitality. (+4 MHP)


Message History

Press: ? - help, Q - select action, (/) - cycle Shift-Dir - straight line, f/p - Natasha
Aim: Natasha (lightly wounded, 58% to hit)
You shoot an arrow.
The arrow hits Natasha but does no damage.
Natasha is lightly wounded.
Natasha drinks a potion.
Natasha seems to grow stronger.
Casting: Shock (safe; 45% risk of failure)
Confirm with . or Enter, or press ? or * to list all spells.
Aiming: Shock (safe; 45% risk of failure)
Press: ? - help, Shift-Dir - straight line, f/p - Natasha
Aim: Natasha (lightly wounded, strong, 55% to hit)
The zap misses Natasha.
You shoot an arrow. The arrow hits Natasha.
Natasha is heavily wounded.
Natasha claws you. Natasha claws you!
Your magical contamination has completely faded away.
Fire: a) +0 shortbow
Press: ? - help, Q - select action, (/) - cycle Shift-Dir - straight line, f/p - Natasha
Aim: Natasha (heavily wounded, strong, 58% to hit)
You shoot an arrow.
The arrow hits Natasha but does no damage.
Natasha is heavily wounded.
Natasha claws you!
Natasha casts a spell.
Natasha casts a spell at you. The magic dart hits you!
* * * LOW HITPOINT WARNING * * *
Natasha casts a spell.
Fire: a) +0 shortbow
Press: ? - help, Q - select action, (/) - cycle Shift-Dir - straight line, f/p - Natasha
Aim: Natasha (heavily wounded, strong, 58% to hit)
You shoot an arrow.
The arrow hits the cerulean imp but does no damage.
The cerulean imp hits you with a +0 spear.
* * * LOW HITPOINT WARNING * * *
Okay, then.
Okay, then.
The cerulean imp attacks as you move away!
The cerulean imp hits you with a +0 spear.
You die...

#####.# ..##
.........
.......
.....##........
#####.#
...............
. ####.# #....#
# #.#### # #h#
.. #5# # ##@#
#..# ##.## #..#
## #.## .###
###.# ...###
#...# ##.>.###
###.###
###...###...#


You could see Natasha (strong) and a cerulean imp (summoned).

Vanquished Creatures
  Natasha (D:2)
  3 endoplasms
  A giant cockroach (D:2)
  3 hobgoblins (D:1)
  4 kobolds (D:1)
  A quokka (D:1)
  A bat (D:1)
  2 goblins (D:1)
  A rat (D:1)
17 creatures vanquished.

Notes
Turn   | Place    | Note
-------+----------+-------------------------------------------
     0 | D:1      | zlionsfan the Djinni Hunter began the quest for the Orb.
     0 | D:1      | Reached XP level 1. HP: 18/18 MP: 0/0
   112 | D:1      | Reached XP level 2. HP: 23/23 MP: 0/0
   171 | D:1      | Found Myul's Magic Scroll Emporium.
  1035 | D:1      | Bought a scroll of noise for 14 gold pieces
  1035 | D:1      | Bought a scroll of identify for 28 gold pieces
  1035 | D:1      | Bought a scroll of identify for 28 gold pieces
  1166 | D:2      | Noticed Natasha
  1168 | D:2      | Killed Natasha
  1168 | D:2      | Noticed Natasha
  1169 | D:2      | Reached skill level 4 in Ranged Weapons
  1169 | D:2      | Reached XP level 3. HP: 28/28 MP: 0/0
  1169 | D:2      | Learned a level 1 spell: Shock
  1182 | D:2      | HP: 1/28 [cerulean imp/+0 spear[Natasha] (1)]
  1183 | D:2      | Slain by a cerulean imp

Illustrated notes

Levels and vault maps discovered:
D:1:      dpeg_arrival_court, layout_basic, serial_shops, shop
D:2:      layout_rooms, uniq_terence, uniq_natasha

Skill      XL: |  1  2 |
---------------+-------+-----
Ranged Weapons | 4 |  4.3
Fighting       | |  2.0
Dodging        | |  2.1
Stealth        | |  0.7

Action                     || total
---------------------------++-------
   Fire: Shortbow          ||    49
   Cast: Shock             ||     1
    Use: Scroll            ||     4
 Armour: Leather armour    ||     1
  Dodge: Dodged            ||     7
